 Dungeon Crawl Stone Soup version 0.30.1-9-gdf580d7c3d (webtiles) character file.

Game seed: 8766803719286175298

60 Drunn the Digger (level 3, -7/24 HPs)
             Began as a Demonspawn Earth Elementalist on Oct 9, 2023.
             Killed from afar by a goblin (10 damage)
             ... with a puff of flame
             ... on level 3 of the Dungeon.
             The game lasted 00:02:51 (2176 turns).

Drunn the Digger (Demonspawn Earth Elementalist)    Turns: 2176, Time: 00:02:52

Health: -7/24      AC:  3    Str:  8    XL:     3   Next: 80%
Magic:  0/7        EV: 12    Int: 16    God:
Gold:   70         SH:  0    Dex: 15    Spells: 6/7 levels left

rFire   . . .        c - +0 dagger
rCold   . . .        (no shield)
rNeg    . . .        a - +0 robe
rPois   .            (no helmet)
rElec   .            i - +0 cloak
rCorr   .            (no gloves)
SInv    .            (no boots)
Will    +....        (no amulet)
Stlth   ++           d - ring of willpower
HPRegen 0.24/turn    (no ring)
MPRegen 0.10/turn

%: no passive effects
@: no status effects
A: spiny 1, condensation shield
a: no special abilities


You were on level 3 of the Dungeon.
You visited 1 branch of the dungeon, and saw 3 of its levels.

You collected 70 gold pieces.

Inventory:

Hand Weapons
 c - a +0 dagger (weapon)
Armour
 a - a +0 robe (worn)
 i - a +0 cloak (worn)
Jewellery
 d - a ring of willpower (left hand)
 g - an amulet of guardian spirit
 l - a +4 ring of slaying
Scrolls
 b - 2 scrolls of identify {unknown}
 e - a scroll of poison {unknown}
 f - 2 scrolls of fear {unknown}
 j - a scroll of blinking {unknown}
 k - a scroll of fog {unknown}
 m - a scroll of torment {unknown}
Potions
 h - a potion of flight {unknown}
 n - a potion of curing {unknown}


   Skills:
 + Level 0.1 Short Blades
 + Level 2.1 Dodging
 + Level 2.0 Stealth
 + Level 2.9 Spellcasting
 + Level 1.0 Transmutations
 + Level 3.3 Earth Magic


You had 6 spell levels left.
You knew the following spells:

 Your Spells              Type           Power      Damage    Failure   Level
a - Sandblast             Erth           26%        2d8       4%          1

Your spell library contained the following spells:

 Spells                   Type           Power      Damage    Failure   Level
 Passwall                 Tmut/Erth      7%         N/A       12%         2
 Summon Small Mammal      Summ           8%         N/A       19%         1
 Blink                    Tloc           4%         N/A       28%         2
 Lesser Beckoning         Tloc           4%         N/A       28%         2
 Momentum Strike          Conj/Tloc      4%         3d8       28%         2
 Stone Arrow              Conj/Erth      14%        3d7       28%         3
 Call Canine Familiar     Summ           2%         N/A       50%         3
 Gell's Gravitas          Tloc           2%         N/A       50%         3
 Summon Guardian Golem    Hex/Summ       2%         N/A       50%         3
 Teleport Other           Tloc           2%         N/A       50%         3
 Volatile Blastmotes      Fire/Tloc      4%         2d10      50%         3
 Petrify                  Tmut/Erth      9%         N/A       58%         4
 Lee's Rapid Deconstruct  Erth           6%         3d6*      78%         5
 Fulminant Prism          Conj/Hex       1%         3d5       88%         4
 Iskenderun's Mystic Bla  Conj/Tloc      2%         2d3       88%         4


Dungeon Overview and Level Annotations

Branches:
Dungeon (3/15)

Altars:

Annotations:
D:2 1 runed translucent door, Crazy Yiuf


Innate Abilities, Weirdness & Mutations

You are partially covered in sharp spines.
A meltable shield of frost defends you. (SH +0)


Message History

You kill the endoplasm!
Your Stealth skill increases to level 2!
A kobold comes into view. It is wielding a +0 dagger.
A kobold is nearby!
A kobold is nearby!
A goblin comes into view. It is carrying a wand of flame (16).
The blast of sand hits the kobold.
You kill the kobold!
The goblin shouts!
The goblin zaps a wand.
The puff of flame hits you.
Your condensation shield dissipates!
You are out of magic!
You are out of magic!
You are out of magic!
Found a stone staircase leading up.
The goblin zaps a wand.
The puff of flame hits you!
Ouch! That really hurt!
You are too injured to fight recklessly!
You are too injured to fight recklessly!
You hit the goblin but do no damage.
The goblin zaps a wand.
The puff of flame misses you.
You completely miss the goblin.
The goblin zaps a wand.
The puff of flame misses you.
You miss the goblin.
The goblin zaps a wand.
The puff of flame hits you.
* * * LOW HITPOINT WARNING * * *
Casting: Sandblast (safe; 4% risk of failure)
Confirm with . or Enter, or press ? or * to list all spells.
Aiming: Sandblast (safe; 4% risk of failure)
Press: ? - help, Shift-Dir - straight line, f - goblin
Aim: a goblin, carrying a wand of flame (11) (77% to hit)
The blast of sand misses the goblin.
The goblin zaps a wand.
The puff of flame hits you.
* * * LOW HITPOINT WARNING * * *
You hit the goblin.
The goblin is severely wounded.
The goblin misses you.
You closely miss the goblin.
The goblin is severely wounded.
The goblin zaps a wand.
The puff of flame hits you!
You die...

###.............#
.....!.>#######.#
###....<......#.#
#.....###.#.#.#
###...).......#.#
#.......#######.#######
#.......#..............
#.......#.#####.#######
#....)@....<..#.#
...##..g.....#.#.#
............## #.#
...#...#.......#.# ..
+.............# . #.#.
.#.####### .... ...#
..... ....


You could see a goblin.

Vanquished Creatures
  An adder (D:2)
  A worm (D:3)
  A dart slug (D:1)
  2 endoplasms
  A giant cockroach (D:1)
  4 goblins
  7 hobgoblins
  6 jackals (D:1)
  5 kobolds
  A quokka (D:1)
  7 ball pythons
  A bat (D:2)
  A frilled lizard (D:2)
  3 rats
41 creatures vanquished.

Notes
Turn   | Place    | Note
-------+----------+-------------------------------------------
     0 | D:1      | Drunn the Demonspawn Earth Elementalist began the quest for
                  | the Orb.
     0 | D:1      | Reached XP level 1. HP: 13/13 MP: 3/3
    84 | D:1      | Reached skill level 1 in Transmutations
   131 | D:1      | Gained mutation: You are partially covered in sharp spines.
                  | [demonic ancestry]
   131 | D:1      | Reached XP level 2. HP: 18/19 MP: 1/5
   250 | D:1      | Reached skill level 3 in Earth Magic
   984 | D:2      | Gained mutation: A meltable shield of frost defends you.
                  | (SH +0) [demonic ancestry]
   984 | D:2      | Reached XP level 3. HP: 20/24 MP: 4/6
  1291 | D:2      | Found a runed translucent door.
  1292 | D:2      | Noticed Crazy Yiuf
  2176 | D:3      | Killed from afar by a goblin

Illustrated notes

Levels and vault maps discovered:
D:1:      psy_arrival_terrarium, layout_basic, serial_rivers,
          chequers_serial_rivers_marsh, chequers_serial_rivers_micro_a,
          chequers_serial_rivers_marsh, chequers_serial_rivers_room_b,
          chequers_serial_rivers_small_a, minivault_27
D:2:      kennysheep_six_static_rooms, layout_loops_corners,
          uniq_crazy_yiuf_cottage
D:3:      kennysheep_big_flooded_room, layout_basic, vehumet_altar_wand_db,
          serial_shops, shop, serial_bayou_crossing, uniq_terence

Skill      XL: |  1  2  3 |
---------------+----------+-----
Transmutations | 1 |  1.0
Earth Magic    | 3 |  3.3
Dodging        | 2 |  2.1
Stealth        | 2 |  2.0
Short Blades   | |  0.1
Spellcasting   | |  2.9

Action                     || total
---------------------------++-------
  Melee: Dagger            ||    25
         Punch             ||     1
   Cast: Sandblast         ||    49
    Use: Potion            ||     1
   Stab: Sleeping          ||     2
 Armour: Robe              ||    10
  Dodge: Dodged            ||    35
  Block: Other             ||     1
